 Dungeon Crawl Stone Soup version 0.29.0-4-gdea44cf6ec (webtiles) character file.

Game seed: 2067522492253006460

55 qw the Chopper (level 3, -1/21 HPs)
             Began as a Tengu Warper on Aug 28, 2022.
             Slain by a hobgoblin (2 damage)
             ... led by Robin
             ... on level 2 of the Dungeon.
             The game lasted 00:00:09 (1528 turns).

qw the Chopper (Tengu Warper)                       Turns: 1528, Time: 00:00:09

Health: -1/21      AC:  3    Str: 13    XL:     3   Next: 93%
Magic:  7/7        EV: 12    Int: 13    God:
Gold:   45         SH:  0    Dex: 13    Spells: 6/6 levels left

rFire   + . .      SeeInvis +   Y - +1 hand axe
rCold   . . .      Faith    .   (no shield)
rNeg    + . .      Spirit   .   b - +0 leather armour
rPois   .          Reflect  .   (helmet restricted)
rElec   .          Harm     .   (no cloak)
rCorr   .          Rampage  .   (no gloves)
Will    .....                   (boots unavailable)
Stlth   +.........              (no amulet)
HPRegen 0.07/turn               a - ring of the Catamount {rF+ rN+ SInv}
MPRegen 0.10/turn               (no ring)

@: no status effects
A: beak, talons 3
a: no special abilities


You were on level 2 of the Dungeon.
You visited 1 branch of the dungeon, and saw 2 of its levels.

You collected 45 gold pieces.


Innate Abilities, Weirdness & Mutations

You have a beak for a mouth.
You have claws for feet.


   Skills:
 - Level 2.0 Fighting
 + Level 4.5 Axes
 - Level 1.0 Throwing
 - Level 1.1 Armour
 - Level 2.1 Dodging
 - Level 2.0 Spellcasting
 - Level 2.4 Translocations


You had 6 spell levels left.
You didn't know any spells.
Your spell library contained the following spells:

 Spells                   Type           Power      Damage    Failure   Level
 Blink                    Tloc           14%        N/A       19%         2
 Gell's Gravitas          Tloc           7%         N/A       36%         3
 Lesser Beckoning         Tloc           7%         N/A       36%         3
 Teleport Other           Tloc           7%         N/A       36%         3
 Manifold Assault         Tloc           7%         N/A       98%         5

Inventory:

Hand Weapons
 e - a +0 mace
 Y - a +1 hand axe (weapon)
Armour
 b - a +0 leather armour (worn)
 c - a +0 kite shield
Jewellery
 a - the ring of the Catamount (left hand) {rF+ rN+ SInv}
   (You acquired it on level 1 of the Dungeon)

   [ring of protection from fire]

   rF:        It protects you from fire.
   rN:        It protects you from negative energy.
   SInv:      It lets you see invisible.
Scrolls
 f - a scroll of identify
Potions
 g - a potion of heal wounds {unknown}

Dungeon Overview and Level Annotations

Branches:
Dungeon (2/15)

Altars:
Gozag

Shops:
D:1 =


Message History

The hobgoblin hits you.
A goblin comes into view. It is wielding a +0 club.
You hit Robin. You claw Robin, but do no damage. You peck Robin.
Robin is moderately wounded.
You hit the hobgoblin but do no damage. Robin hits you with a +0 short sword.
A hobgoblin comes into view.
The hobgoblin completely misses you. Robin hits you but does no damage.
You hit Robin but do no damage. You claw Robin! You peck Robin.
Robin is almost dead.
You hit the hobgoblin but do no damage.
Robin roars a battlecry!
The goblins go into a battle-frenzy!
The hobgoblin closely misses you.
You barely miss Robin.
Robin is almost dead.
You hit the hobgoblin.
Robin hits you with a +0 short sword. x2
You hit Robin but do no damage.
Robin is almost dead.
You closely miss the hobgoblin. You barely miss the goblin.
Robin throws the goblin at you! The hobgoblin misses you.
The goblin completely misses you.
You hit Robin. You peck Robin, but do no damage.
Robin is almost dead.
You hit the hobgoblin. You hit the goblin.
You kill the goblin!
Robin throws the goblin at you! The goblin closely misses you.
The hobgoblin hits you. Robin hits you but does no damage.
You barely miss Robin. Your peck misses Robin.
Robin is almost dead.
You miss the goblin. You hit the hobgoblin but do no damage.
Robin barely misses you. The goblin hits you with a +0 club.
The hobgoblin closely misses you. Robin hits you with a +0 short sword.
You hit Robin but do no damage. You claw Robin.
You kill Robin!
You closely miss the hobgoblin. You closely miss the goblin.
You hit the hobgoblin. The hobgoblin hits you.
You die...

###### #.....
##########.....
...............
##.########...... ###..#
#####.....
#.####..)######....%....
#.....)@g.......###.....
#..#..gg######### #.....
.....#### #..... ####
###### ### # ###.# #
#...## # #.#..# #


You could see 2 hobgoblins and a goblin (strong).

Vanquished Creatures
  Robin (D:2)
  An adder (D:2)
  A worm (D:2)
  2 dart slugs
  3 bats
  An endoplasm (D:1)
  2 giant cockroaches (D:1)
  8 goblins
  6 hobgoblins
  2 jackals (D:1)
  A quokka (D:1)
  5 ball pythons
  2 rats (D:1)
35 creatures vanquished.

Notes
Turn   | Place    | Note
-------+----------+-------------------------------------------
     0 | D:1      | qw the Tengu Warper began the quest for the Orb.
     0 | D:1      | Reached XP level 1. HP: 12/12 MP: 4/4
     0 | D:1      | 0 ||| qw: Version: 0.1-a-89-g26bdef1
     0 | D:1      | 0 ||| qw: Game counter: 346
     0 | D:1      | 0 ||| qw: Always use a shield: true
     0 | D:1      | 0 ||| qw: God list: Okawaru
     0 | D:1      | 0 ||| qw: Allow faded altars: false
     0 | D:1      | 0 ||| qw: Do Orc after D:15 true
     0 | D:1      | 0 ||| qw: Do second Lair branch before Depths: true
     0 | D:1      | 0 ||| qw: Lair rune preference: random
     0 | D:1      | 0 ||| qw: Plans: Normal
     0 | D:1      | 0 ||| PLANNING D:1-11
   290 | D:1      | Reached XP level 2. HP: 16/17 MP: 6/6
   305 | D:1      | Reached skill level 3 in Axes
   631 | D:1      | Found Olaum's Jewellery Shoppe.
   639 | D:1      | 639 ||| SHOPLISTING amulet of the acrobat (420 gold, have
                  | 36).
   639 | D:1      | 639 ||| SHOPLISTING ring "Binuapno" {rF+ rC- rN+ Int+2}
                  | (436 gold, have 36).
   639 | D:1      | 639 ||| SHOPLISTING ring "Deumpaeg" {Wiz Dex+3} (606 gold,
                  | have 36).
   639 | D:1      | 639 ||| SHOPLISTING ring of fire (350 gold, have 36).
   639 | D:1      | 639 ||| SHOPLISTING ring of ice (350 gold, have 36).
   639 | D:1      | 639 ||| SHOPLISTING ring of protection from fire (350 gold,
                  | have 36).
   639 | D:1      | 639 ||| SHOPLISTING ring of willpower (350 gold, have 36).
   696 | D:1      | Found a faded altar of an unknown god.
   809 | D:1      | 809 ||| READING scroll labelled JUSKAS OMPOO.
   809 | D:1      | Identified a scroll of acquirement
   809 | D:1      | 809 ||| ACQUIRING ring of the Catamount {rF+ rN+ SInv}
   809 | D:1      | Acquired the ring of the Catamount {rF+ rN+ SInv}
   811 | D:1      | 811 ||| UPGRADING to ring of the Catamount {rF+ rN+ SInv}.
   812 | D:1      | 812 ||| READING 2 scrolls labelled GEOTWU EQEFYIT.
   813 | D:1      | 813 ||| READING scroll labelled TIOPLOREYVI.
   814 | D:1      | 814 ||| DRINKING 2 murky puce potions.
   845 | D:1      | 845 ||| DROPPING scroll of blinking.
   846 | D:1      | 846 ||| DROPPING potion of lignification.
   920 | D:2      | Reached XP level 3. HP: 21/21 MP: 7/7
  1011 | D:2      | 1011 ||| FLEEEEING.
  1012 | D:2      | 1012 ||| FLEEEEING.
  1014 | D:2      | 1014 ||| FLEEEEING.
  1015 | D:2      | 1015 ||| FLEEEEING.
  1018 | D:2      | 1018 ||| STAIRDANCE
  1102 | D:2      | 1102 ||| Stepping ~*~*~tactically~*~*~ (stealth).
  1106 | D:2      | 1106 ||| Stepping ~*~*~tactically~*~*~ (stealth).
  1108 | D:2      | 1108 ||| Stepping ~*~*~tactically~*~*~ (stealth).
  1116 | D:2      | 1116 ||| FLEEEEING.
  1117 | D:2      | 1117 ||| STAIRDANCE
  1160 | D:2      | Reached skill level 4 in Axes
  1160 | D:2      | 1160 ||| STAIRDANCE
  1413 | D:2      | Found an opulent altar of Gozag.
  1513 | D:2      | Noticed Robin
  1526 | D:2      | HP: 5/21 [hobgoblin[Robin] (1)]
  1527 | D:2      | HP: 2/21 [goblin/+0 club[Robin] (3)]
  1528 | D:2      | Killed Robin
  1528 | D:2      | Slain by a hobgoblin

Levels and vault maps discovered:
D:1:      psy_arrival_radial02, layout_basic, serial_shops, shop,
          hellmonk_ecumenical_altar_inner_sanctum
D:2:      layout_rooms, basic_altar, uniq_robin

Skill      XL: |  1  2  3 |
---------------+----------+-----
Axes           | 3 4 |  4.5
Fighting       | |  2.0
Throwing       | |  1.0
Armour         | |  1.1
Dodging        | |  2.1
Spellcasting   | |  2.0
Translocations | |  2.4

Action                   || total
-------------------------++-------
Melee: Hand axe          ||    77
       Kick              ||    16
       Punch             ||     2
       Peck              ||    12
Throw: Boomerang         ||     7
  Use: Scroll            ||     3
       Potion            ||     1
Armor: Leather armour    ||    17
Dodge: Dodged            ||    37

Table legend:
 A = Non-vault XP
 B = Vault XP
 C = Vault XP percentage of total XP
 D = Non-vault monster count
 E = Vault monster count
 F = Vault count percentage of total count
                 A         B        C        D         E       F
            +---------+---------+-------+---------+---------+-------
      Total |      66 |      29 |  30.5 |      27 |       8 |  22.9
            +---------+---------+-------+---------+---------+-------
        D:1 |      31 |       0 |   0.0 |      16 |       0 |   0.0
        D:2 |      35 |      29 |  45.3 |      11 |       8 |  42.1
            +---------+---------+-------+---------+---------+-------
